AoeStats
← THL

Arabia

506390603Analyzed
1v1 RM · 19d ago on Sep 13, 2026· 43m 22s· 2 players
Game mode
Random Map
Map size
Tiny (2 player)
Population
200
Speed
Normal
Resources
Standard
Victory
Conquest
Starting age
Dark Age
Ending age
Imperial Age
RankedLock teamsTeams togetherTeam positionsShared explorationLock speedFull tech treeHidden civsTurbo modeCheats
Victory
Defeat
🇫🇷 Goths · France
1857
+13
🇻🇳 Maya · Vietnam
1799
-13
THL
0:26 Loom
9:02 Feudal Age
17:14 Double-Bit Axe
19:00 Fletching
23:02 Castle Age
24:04 Bodkin Arrow
23:31 Crossbowman
24:23 Bow Saw
31:50 Wheelbarrow
35:06 Imperial Age
33:21 Squires
33:24 Scale Mail Armor
34:27 Chain Mail Armor
33:37 Eagle Warrior
35:45 Forging
39:58 Elite Eagle Warrior
41:18 Plate Mail Armor
42:33 Holcans
AOKI_GworK
7:23 Loom
9:50 Feudal Age
9:54 Man-at-Arms
12:10 Double-Bit Axe
18:03 Wheelbarrow
17:44 Horse Collar
22:51 Castle Age
20:55 Stone Mining
20:59 Gold Mining
23:44 Bow Saw
23:37 Heavy Plow
24:53 Squires
26:33 Forging
26:29 Long Swordsman
28:40 Scale Mail Armor
29:58 Town Watch
33:46 Hand Cart
37:24 Imperial Age
36:10 Iron Casting
35:51 Chain Mail Armor
37:09 Anarchy
37:30 Two-Handed Swordsman
37:41 Elite Huskarl
38:44 Conscription
39:26 Two-Man Saw
39:56 Blast Furnace
38:48 Champion
40:39 Stone Shaft Mining
41:17 Chemistry
40:53 Crop Rotation
40:18 Fletching
42:23 Bodkin Arrow
42:51 Ballistics
Connection lost

Rejoining the realm…

Still unreachable

The connection could not be restored.

Session expired

The server has moved on; the page needs a fresh start.